AoeStats
← MEKSYK

Nomad

506204498Analyzed
2v2 RM · 19d ago on Sep 12, 2026· 37m 36s· 4 players
Game mode
Random Map
Map size
176×176
Population
200
Speed
Normal
Resources
Standard
Victory
Conquest
Starting age
Dark Age
Ending age
Imperial Age
RankedLock teamsTeams togetherTeam positionsShared explorationLock speedFull tech treeHidden civsTurbo modeCheats
Victory
Defeat
🇩🇪 Persians · Germany
872
+12
🇫🇷 Romans · France
806
+14
🇵🇱 Romans · Poland
822
-41
🇵🇱 Wu · Poland
732
-28
grigore.marinica
12:35 Loom
14:33 Feudal Age
15:12 Double-Bit Axe
20:10 Castle Age
18:35 Fishing Lines
23:51 Husbandry
25:39 Bloodlines
27:47 Wheelbarrow
27:28 Gillnets
31:02 Bow Saw
30:34 Horse Collar
33:09 Hand Cart
35:53 Imperial Age
33:21 Gold Mining
33:21 Stone Mining
33:44 Town Watch
33:51 Horse Collar
35:12 Kamandaran
35:42 Ballistics
35:33 Masonry
36:07 Fletching
37:41 Chemistry
37:27 Bodkin Arrow
37:01 Crossbowman
37:46 Thumb Ring
raz_mary
13:23 Feudal Age
19:45 Castle Age
18:08 Double-Bit Axe
18:43 Fishing Lines
19:14 Man-at-Arms
20:18 Town Watch
21:03 Gillnets
22:04 Bow Saw
23:24 Loom
24:04 Horse Collar
25:22 Pikeman
28:06 Squires
34:30 Imperial Age
33:09 Wheelbarrow
32:46 Long Swordsman
34:20 Hand Cart
34:27 Forging
34:17 Scale Mail Armor
34:59 Heavy Plow
35:35 Scale Barding Armor
36:59 Crop Rotation
36:55 Legionary
Rogal Dorn
19:59 Feudal Age
20:02 Man-at-Arms
21:15 Town Watch
22:19 Scale Mail Armor
23:48 Double-Bit Axe
24:22 Horse Collar
25:43 Wheelbarrow
32:14 Forging
34:40 Castle Age
36:47 Hand Cart
36:33 Town Patrol
MEKSYK
3:00 Loom
16:07 Feudal Age
16:08 Man-at-Arms
19:57 Bloodlines
19:48 Double-Bit Axe
20:00 Horse Collar
21:31 Forging
21:22 Scale Mail Armor
31:15 Castle Age
33:13 Wheelbarrow
33:08 Long Swordsman
33:08 Pikeman
33:49 Squires
34:33 Iron Casting
34:41 Chain Mail Armor
Connection lost

Rejoining the realm…

Still unreachable

The connection could not be restored.

Session expired

The server has moved on; the page needs a fresh start.